 Dungeon Crawl Stone Soup version 0.29.0-4-gdea44cf6ec (webtiles) character file.

Game seed: 15606484383267953589

5932 qw the Severer (level 10, -5/91 HPs)
             Began as a Minotaur Berserker on Sept 5, 2022.
             Was a Priest of Trog.
             Slain by a five-headed hydra (8 damage)
             ... on level 1 of the Lair of Beasts.
             The game lasted 00:02:49 (10104 turns).

qw the Severer (Minotaur Berserker)                Turns: 10104, Time: 00:02:50

Health: -5/91      AC: 13    Str: 26    XL:     10   Next: 54%
Magic:  9/9        EV: 10    Int:  3    God:    Trog [***...]
Gold:   384        SH:  0    Dex: 16    Spells: 9/9 levels left

rFire   . . .      SeeInvis +   e - +0 flail (venom)
rCold   . . .      Faith    .   (no shield)
rNeg    + . .      Spirit   .   d - +0 chain mail
rPois   +          Reflect  .   (helmet restricted)
rElec   .          Harm     .   n - +2 ratskin cloak {*Rats rPois rN+ Str-1 Int-1 Dex+1}
rCorr   .          Rampage  .   (no gloves)
Will    .....                   (no boots)
Stlth   ..........              (no amulet)
HPRegen 0.25/turn               l - +6 ring of dexterity
MPRegen 0.11/turn               h - ring of see invisible

@: on berserk cooldown, slowed, very slow
A: horns 2, retaliatory headbutt
a: Renounce Religion, Berserk, Trog's Hand


You were on level 1 of the Lair of Beasts.
You worshipped Trog.
Trog was most pleased with you.
You visited 2 branches of the dungeon, and saw 9 of its levels.

You collected 384 gold pieces.


Innate Abilities, Weirdness & Mutations

You have a pair of horns on your head.
You reflexively headbutt those who attack you in melee.


   Skills:
 - Level 9.1 Fighting
 + Level 15.5 Axes
 - Level 1.3 Throwing
 - Level 6.0 Armour
 - Level 4.6 Dodging


You had 9 spell levels left.
You didn't know any spells.
Your spell library was empty.

Inventory:

Hand Weapons
 e - a +0 flail of venom (weapon)
 Y - a +0 war axe
Armour
 d - a +0 chain mail (worn)
 n - the +2 ratskin cloak (worn) {*Rats rPois rN+ Str-1 Int-1 Dex+1}
   (You found it on level 6 of the Dungeon)

   When the wearer is hurt, rats may emerge from it to assist them.
   Str:       It affects your strength (-1).
   Int:       It affects your intelligence (-1).
   Dex:       It affects your dexterity (+1).
   rPois:     It protects you from poison.
   rN:        It protects you from negative energy.
Jewellery
 b - a +4 ring of evasion
 h - a ring of see invisible (right hand)
 l - a +6 ring of dexterity (left hand)
Scrolls
 a - 2 scrolls of identify
Potions
 c - a potion of mutation
 g - a potion of haste

Dungeon Overview and Level Annotations

Branches:
Dungeon (8/15)             Temple (0/1) D:4            Lair (1/5) D:8

Altars:
Fedhas

Shops:
D:7 (

Annotations:
D:3 1 runed translucent door, Crazy Yiuf
Lair:1 Sonja


Message History

The cane toad is severely wounded.
The cane toad closely misses you.
You completely miss the cane toad. You headbutt the cane toad!
You kill the cane toad!
Trog accepts your kill.
You start resting.
You are no longer berserk.
You are exhausted.
You feel yourself slow down.
A five-headed hydra comes into view.
10099 ||| SWAPPING to +0 flail of venom.
Your +0 flail of venom begins to drip with poison!
e - a +0 flail of venom (weapon)
The five-headed hydra barely misses your river rat. x2
The five-headed hydra bites your river rat.
The five-headed hydra bites your river rat!
Your river rat dies!
You barely miss the five-headed hydra.
A bullfrog comes into view.
The five-headed hydra bites you but does no damage.
The five-headed hydra barely misses you. x2
The five-headed hydra bites you but does no damage.
The five-headed hydra barely misses you.
The five-headed hydra misses you. The five-headed hydra bites you! x2
The five-headed hydra barely misses you. x2
The bullfrog moves out of view.
You sock the five-headed hydra!
The five-headed hydra is poisoned.
You headbutt the five-headed hydra.
The five-headed hydra is lightly wounded.
The five-headed hydra barely misses you.
The five-headed hydra bites you! The five-headed hydra bites you. x2
The five-headed hydra bites you!
You sock the five-headed hydra!
The five-headed hydra is moderately wounded.
The five-headed hydra bites you. x2; The five-headed hydra bites you!
The five-headed hydra bites you but does no damage. x2
The five-headed hydra closely misses you.
You furiously retaliate!
You headbutt the five-headed hydra! The five-headed hydra bites you!
You die...

######..#..###.#######.
##......................
#.......................
#......................
##..####................
#......#.##.####.P#####.
#.......#### ####
#...#..#.# # #..@.#
#....%D%# #?.#..#.#
#..#..#.# #. #..... #
.##.... .. ..... ...
......


You could see a five-headed hydra (very poisoned).

Vanquished Creatures
  A cane toad (Lair:1)
  A komodo dragon (Lair:1)
  Grinder (D:3)
  Sigmund (D:3)
  3 yaks (D:8)
  5 wyverns (D:8)
  A basilisk (Lair:1)
  2 steam dragons (D:8)
  Menkaure (D:7)
  3 water moccasins (D:8)
  2 ice beasts
  2 sky beasts (D:7)
  2 ogres
  2 centaurs
  4 wolves (Lair:1)
  3 bullfrogs
  3 necrophages
  4 scorpions
  A gnoll sergeant (D:8)
  7 wights (D:7)
  4 killer bees (D:8)
  A jelly (D:7)
  3 hounds
  4 orc priests
  4 iguanas
  3 orc wizards
  3 hell rats (D:6)
  6 gnolls
  16 river rats (D:6)
  4 adders
  A shadow imp (D:7)
  4 white imps (D:6)
  2 ufetubi (D:4)
  4 worms
  3 dart slugs
  15 orcs
  2 ball pythons
  6 endoplasms
  3 giant cockroaches (D:1)
  6 goblins
  5 hobgoblins
  4 jackals (D:2)
  4 quokkas
  3 bats
  A frilled lizard (D:2)
  4 kobolds
  A rat (D:2)
165 creatures vanquished.

Vanquished Creatures (others)
  2 fungi
  14 plants
16 creatures vanquished.

Grand Total: 181 creatures vanquished

Notes
Turn   | Place    | Note
-------+----------+-------------------------------------------
     0 | D:1      | qw the Minotaur Berserker began the quest for the Orb.
     0 | D:1      | Reached XP level 1. HP: 19/19 MP: 0/0
     0 | D:1      | 0 ||| qw: Version: 0.1-a-104-g96f76f8
     0 | D:1      | 0 ||| qw: Game counter: 5858
     0 | D:1      | 0 ||| qw: Always use a shield: true
     0 | D:1      | 0 ||| qw: Do Orc after D:15 true
     0 | D:1      | 0 ||| qw: Do second Lair branch before Depths: true
     0 | D:1      | 0 ||| qw: Lair rune preference: random
     0 | D:1      | 0 ||| qw: Plans: Normal
     0 | D:1      | 0 ||| PLANNING D:1-11
   319 | D:1      | Reached skill level 4 in Axes
   432 | D:1      | 432 ||| Stepping ~*~*~tactically~*~*~ (stealth).
   439 | D:1      | Reached XP level 2. HP: 21/26 MP: 1/1
  1064 | D:1      | 1064 ||| UPGRADING to +0 leather armour.
  1074 | D:1      | 1074 ||| DROPPING +0 animal skin.
  1075 | D:1      | 1075 ||| READING scroll labelled NEBETTY HUICEL.
  1100 | D:2      | Reached skill level 5 in Axes
  1100 | D:2      | Reached XP level 3. HP: 19/31 MP: 2/2
  1301 | D:2      | 1301 ||| Stepping ~*~*~tactically~*~*~ (stealth).
  1302 | D:2      | 1302 ||| Stepping ~*~*~tactically~*~*~ (stealth).
  1303 | D:2      | 1303 ||| Stepping ~*~*~tactically~*~*~ (stealth).
  1304 | D:2      | 1304 ||| Stepping ~*~*~tactically~*~*~ (stealth).
  1310 | D:2      | 1310 ||| Stepping ~*~*~tactically~*~*~ (stealth).
  1313 | D:2      | 1313 ||| Stepping ~*~*~tactically~*~*~ (stealth).
  1331 | D:2      | Found a blossoming altar of Fedhas.
  1454 | D:2      | 1454 ||| Stepping ~*~*~tactically~*~*~ (stealth).
  1455 | D:2      | 1455 ||| Stepping ~*~*~tactically~*~*~ (stealth).
  1641 | D:2      | 1641 ||| Stepping ~*~*~tactically~*~*~ (stealth).
  1683 | D:2      | 1683 ||| INVOKING Berserk.
  1821 | D:2      | 1821 ||| INVOKING Berserk.
  2010 | D:2      | Found a faded altar of an unknown god.
  2128 | D:2      | 2128 ||| UPGRADING to +0 ring mail.
  2138 | D:2      | 2138 ||| DROPPING +0 leather armour.
  2139 | D:2      | 2139 ||| DROPPING orb of mayhem.
  2140 | D:2      | 2140 ||| READING scroll labelled FUONEI FOLOIPP.
  2141 | D:2      | 2141 ||| READING scroll labelled WEAPAZ JOASAM.
  2142 | D:2      | 2142 ||| READING scroll labelled LIOFOCSYOQO.
  2143 | D:2      | 2143 ||| DRINKING 2 ruby potions.
  2144 | D:2      | 2144 ||| DRINKING 2 bubbling green potions.
  2145 | D:2      | 2145 ||| DROPPING potion of flight.
  2146 | D:2      | 2146 ||| Stepping randomly (stuck).
  2147 | D:2      | 2147 ||| Stepping ~*~*~tactically~*~*~ (cloud).
  2155 | D:2      | HP: 7/31 [poisoned by you (poison gas)]
  2420 | D:3      | 2420 ||| STAIRDANCE
  2420 | D:3      | Noticed Sigmund
  2426 | D:3      | 2426 ||| STAIRDANCE
  2428 | D:2      | 2428 ||| INVOKING Berserk.
  2433 | D:2      | Reached skill level 6 in Axes
  2433 | D:2      | Reached XP level 4. HP: 39/39 MP: 3/3
  2559 | D:3      | 2559 ||| INVOKING Berserk.
  2560 | D:3      | 2560 ||| STAIRDANCE
  2683 | D:3      | 2683 ||| INVOKING Berserk.
  2689 | D:3      | Killed Sigmund
  2690 | D:3      | Reached skill level 7 in Axes
  2690 | D:3      | Reached XP level 5. HP: 45/45 MP: 4/4
  2819 | D:3      | Noticed Grinder
  2820 | D:3      | 2820 ||| Stepping ~*~*~tactically~*~*~ (hiding).
  2821 | D:3      | 2821 ||| Stepping ~*~*~tactically~*~*~ (hiding).
  2822 | D:3      | 2822 ||| Stepping ~*~*~tactically~*~*~ (hiding).
  2823 | D:3      | 2823 ||| Stepping ~*~*~tactically~*~*~ (hiding).
  2824 | D:3      | 2824 ||| Stepping ~*~*~tactically~*~*~ (hiding).
  2826 | D:3      | Paralysed by Grinder for 5 turns
  2831 | D:3      | 2831 ||| INVOKING Berserk.
  2838 | D:3      | Killed Grinder
  2839 | D:3      | Reached XP level 6. HP: 37/57 MP: 5/5
  2908 | D:3      | 2908 ||| FLEEEEING.
  2909 | D:3      | 2909 ||| FLEEEEING.
  3024 | D:3      | 3024 ||| Stepping ~*~*~tactically~*~*~ (stealth).
  3025 | D:3      | 3025 ||| Stepping ~*~*~tactically~*~*~ (stealth).
  3036 | D:3      | 3036 ||| Stepping ~*~*~tactically~*~*~ (stealth).
  3038 | D:3      | 3038 ||| Stepping ~*~*~tactically~*~*~ (hiding).
  3043 | D:3      | Reached skill level 8 in Axes
  3045 | D:3      | 3045 ||| INVOKING Berserk.
  3055 | D:3      | 3055 ||| Stepping ~*~*~tactically~*~*~ (stealth).
  3209 | D:3      | You fall into a shaft and drop 1 floor!
  3220 | D:4      | 3220 ||| DROPPING +0 club.
  3270 | D:4      | 3270 ||| Stepping ~*~*~tactically~*~*~ (stealth).
  3315 | D:4      | 3315 ||| UPGRADING to +0 chain mail.
  3325 | D:4      | 3325 ||| DROPPING +0 ring mail.
  3326 | D:4      | 3326 ||| READING scroll labelled UROAFA KAMEJUL.
  3327 | D:4      | 3327 ||| DRINKING 3 silvery potions.
  3431 | D:4      | 3431 ||| DRINKING 2 white potions.
  3432 | D:4      | 3432 ||| DROPPING 2 potions of berserk rage.
  3433 | D:4      | 3433 ||| DROPPING potion of degeneration.
  3479 | D:3      | Reached ** piety under Trog
  3554 | D:3      | Found a runed translucent door.
  3555 | D:3      | Noticed Crazy Yiuf
  3660 | D:3      | 3660 ||| UPGRADING to +0 cloak.
  3665 | D:3      | 3665 ||| READING scroll of enchant armour.
  3665 | D:3      | 3665 ||| ENCHANTING +0 cloak.
  3666 | D:3      | 3666 ||| READING scroll labelled SUWIPSOSCHO.
  3667 | D:3      | 3667 ||| READING scroll labelled TOAVAYGA WUTZA.
  3668 | D:3      | 3668 ||| DRINKING 2 fizzy amethyst potions.
  3739 | D:4      | Found a staircase to the Ecumenical Temple.
  3791 | D:4      | 3791 ||| Stepping ~*~*~tactically~*~*~ (stealth).
  3857 | D:4      | 3857 ||| INVOKING Berserk.
  3860 | D:4      | Reached skill level 3 in Armour
  3860 | D:4      | Reached XP level 7. HP: 62/62 MP: 6/6
  4473 | D:4      | 4473 ||| DRINKING 2 viscous blue potions.
  4474 | D:4      | 4474 ||| DROPPING potion of attraction.
  4493 | D:5      | Entered Level 5 of the Dungeon
  4638 | D:5      | Reached skill level 9 in Axes
  4652 | D:5      | 4652 ||| Stepping ~*~*~tactically~*~*~ (hiding).
  4654 | D:5      | 4654 ||| Stepping ~*~*~tactically~*~*~ (hiding).
  4655 | D:5      | 4655 ||| Stepping ~*~*~tactically~*~*~ (hiding).
  4656 | D:5      | 4656 ||| Stepping ~*~*~tactically~*~*~ (hiding).
  5157 | D:6      | 5157 ||| Stepping ~*~*~tactically~*~*~ (hiding).
  5164 | D:6      | 5164 ||| INVOKING Berserk.
  5172 | D:6      | Paralysed by something for 2 turns
  5176 | D:6      | HP: 10/62 [white imp/puff of frost (9)]
  5177 | D:6      | 5177 ||| DRINKING potion of curing.
  5177 | D:6      | 5177 ||| (to cure confusion)
  5178 | D:6      | 5178 ||| DRINKING 4 potions of heal wounds.
  5181 | D:6      | Reached skill level 10 in Axes
  5184 | D:6      | Reached skill level 1 in Throwing
  5186 | D:6      | HP: 7/62 [white imp/puff of frost (9)]
  5187 | D:6      | 5187 ||| DRINKING 3 potions of heal wounds.
  5188 | D:6      | 5188 ||| DRINKING 2 potions of heal wounds.
  5190 | D:6      | Reached XP level 8. HP: 47/70 MP: 7/7
  5195 | D:6      | Reached skill level 6 in Fighting
  5316 | D:6      | 5316 ||| Stepping ~*~*~tactically~*~*~ (hiding).
  5319 | D:6      | 5319 ||| INVOKING Berserk.
  5546 | D:6      | 5546 ||| Stepping ~*~*~tactically~*~*~ (hiding).
  5579 | D:6      | 5579 ||| Stepping ~*~*~tactically~*~*~ (stealth).
  5586 | D:6      | 5586 ||| INVOKING Berserk.
  5595 | D:6      | Reached skill level 11 in Axes
  5750 | D:6      | 5750 ||| SWAPPING to +0 war axe.
  5751 | D:6      | 5751 ||| DROPPING +0 hand axe.
  5796 | D:6      | 5796 ||| Stepping ~*~*~tactically~*~*~ (stealth).
  5798 | D:6      | 5798 ||| Stepping ~*~*~tactically~*~*~ (hiding).
  5799 | D:6      | 5799 ||| Stepping ~*~*~tactically~*~*~ (hiding).
  5801 | D:6      | 5801 ||| Stepping ~*~*~tactically~*~*~ (hiding).
  5802 | D:6      | 5802 ||| Stepping ~*~*~tactically~*~*~ (hiding).
  6294 | D:6      | Reached skill level 12 in Axes
  6344 | D:6      | 6344 ||| INVOKING Berserk.
  6359 | D:6      | 6359 ||| Stepping ~*~*~tactically~*~*~ (stealth).
  6611 | D:6      | Found the +2 ratskin cloak {*Rats rPois rN+ Str-1 Int-1
                  | Dex+1}
  6618 | D:6      | 6618 ||| UPGRADING to +2 ratskin cloak {*Rats rPois rN+
                  | Str-1 Int-1 Dex+1}.
  6628 | D:6      | 6628 ||| DROPPING +1 cloak.
  6629 | D:6      | 6629 ||| UPGRADING to +6 ring of dexterity.
  6630 | D:6      | 6630 ||| DRINKING 2 cyan potions.
  6631 | D:6      | 6631 ||| READING 2 scrolls of identify.
  6631 | D:6      | 6631 ||| IDENTIFYING sapphire potion
  6632 | D:6      | 6632 ||| DROPPING potion of magic.
  6744 | D:7      | 6744 ||| INVOKING Berserk.
  6860 | D:7      | 6860 ||| Stepping ~*~*~tactically~*~*~ (stealth).
  6867 | D:7      | Reached skill level 3 in Dodging
  6867 | D:7      | 6867 ||| FLEEEEING.
  6868 | D:7      | 6868 ||| FLEEEEING.
  6869 | D:7      | 6869 ||| FLEEEEING.
  6870 | D:7      | 6870 ||| FLEEEEING.
  6871 | D:7      | 6871 ||| FLEEEEING.
  6872 | D:7      | 6872 ||| FLEEEEING.
  6873 | D:7      | 6873 ||| FLEEEEING.
  6874 | D:7      | 6874 ||| FLEEEEING.
  6875 | D:7      | 6875 ||| FLEEEEING.
  6876 | D:7      | 6876 ||| FLEEEEING.
  6877 | D:7      | 6877 ||| FLEEEEING.
  6878 | D:7      | 6878 ||| FLEEEEING.
  6879 | D:7      | 6879 ||| FLEEEEING.
  6880 | D:7      | 6880 ||| FLEEEEING.
  6881 | D:7      | 6881 ||| FLEEEEING.
  6882 | D:7      | 6882 ||| FLEEEEING.
  6883 | D:7      | 6883 ||| FLEEEEING.
  6884 | D:7      | 6884 ||| FLEEEEING.
  6885 | D:7      | 6885 ||| FLEEEEING.
  6886 | D:7      | 6886 ||| STAIRDANCE
  6919 | D:6      | 6919 ||| READING scroll labelled NOLO HIHOKHIEL.
  6983 | D:7      | 6983 ||| INVOKING Berserk.
  7150 | D:7      | Reached XP level 9. HP: 79/79 MP: 8/8
  7388 | D:7      | Reached skill level 13 in Axes
  7481 | D:7      | Noticed Menkaure
  7485 | D:7      | 7485 ||| INVOKING Berserk.
  7487 | D:7      | Killed Menkaure
  7893 | D:7      | Found Huitasoe's Weapon Shoppe.
  8228 | D:8      | 8228 ||| INVOKING Berserk.
  8229 | D:8      | HP: 29/120 [wyvern (10)]
  8296 | D:8      | 8296 ||| INVOKING Berserk.
  8304 | D:8      | Found a staircase to the Lair.
  8309 | D:8      | HP: 27/121 [steam dragon/ball of steam (13)]
  8310 | D:8      | Reached skill level 14 in Axes
  8312 | D:8      | Reached XP level 10. HP: 29/88 MP: 9/9
  8312 | D:8      | HP: 13/132 [steam dragon (3)]
  8315 | D:8      | 8315 ||| READING scroll of teleportation.
  8316 | D:8      | 8316 ||| DRINKING potion of heal wounds.
  8320 | D:8      | HP: 21/88 [killer bee (4)]
  8323 | D:8      | HP: 10/88 [poisoned by a killer bee]
  8326 | D:8      | HP: 4/88 [poisoned by a killer bee]
  8511 | D:8      | 8511 ||| INVOKING Berserk.
  8846 | D:8      | 8846 ||| INVOKING Berserk.
  8852 | D:8      | Reached skill level 15 in Axes
  9008 | D:8      | 9008 ||| Stepping ~*~*~tactically~*~*~ (hiding).
  9009 | D:8      | 9009 ||| Stepping ~*~*~tactically~*~*~ (hiding).
  9013 | D:8      | Reached *** piety under Trog
  9051 | D:8      | 9051 ||| DROPPING +0 flail.
  9578 | D:8      | 9578 ||| DROPPING amulet of faith.
  9579 | D:8      | 9579 ||| UPGRADING to ring of see invisible.
  9580 | D:8      | 9580 ||| READING scroll labelled HEONUE WYBALAI.
  9608 | D:8      | 9608 ||| DRINKING 2 inky potions.
  9609 | D:8      | 9609 ||| READING 4 scrolls of identify.
  9609 | D:8      | 9609 ||| IDENTIFYING red potion
  9610 | D:8      | 9610 ||| READING 3 scrolls of identify.
  9610 | D:8      | 9610 ||| IDENTIFYING smoky yellow potion
  9611 | D:8      | 9611 ||| DROPPING potion of lignification.
  9612 | D:8      | 9612 ||| DROPPING potion of ambrosia.
  9613 | D:8      | 9613 ||| READING 2 scrolls of teleportation.
  9713 | D:8      | 9713 ||| PLANNING LAIR
  9756 | Lair:1   | Entered Level 1 of the Lair of Beasts
  9756 | Lair:1   | Noticed Sonja
  9763 | Lair:1   | Reached skill level 9 in Fighting
  9765 | Lair:1   | 9765 ||| INVOKING Berserk.
  9770 | Lair:1   | Reached skill level 6 in Armour
  9772 | Lair:1   | HP: 20/91 [bullfrog (4)]
  9773 | Lair:1   | 9773 ||| READING scroll of teleportation.
 10077 | Lair:1   | Noticed a cane toad
 10082 | Lair:1   | 10082 ||| INVOKING Berserk.
 10096 | Lair:1   | Killed a cane toad
 10098 | Lair:1   | Noticed a five-headed hydra
 10099 | Lair:1   | 10099 ||| SWAPPING to +0 flail of venom.
 10103 | Lair:1   | HP: 21/91 [five-headed hydra (7)]
 10104 | Lair:1   | HP: 3/91 [five-headed hydra (9)]
 10104 | Lair:1   | Slain by a five-headed hydra

Levels and vault maps discovered:
D:1:      minmay_arrival_widening_spiral_narrow, layout_basic
D:2:      layout_rooms, shapermc_ecumenical_altar_rom_forum, basic_altar,
          hex_intersection
D:3:      layout_rooms, uniq_sigmund, uniq_crazy_yiuf_cottage, uniq_grinder
D:4:      layout_gridville, minmay_temple_entry_purple_smoke
D:5:      layout_loops_cross
D:6:      wander_guarded_unrand_ratskin, layout_basic
D:7:      layout_loops_corners, serial_shops, kennysheep_little_box,
          uniq_menkaure
D:8:      layout_cave_pools, minmay_lair_entry_grove, serial_co_window_serial,
          co_window_paths_a, co_window_paths_b, co_window_paths_b,
          co_window_paths_a, co_window_paths_b, co_window_corner_a,
          co_window_corner_a, co_window_paths_b, co_window_corner_a,
          co_window_broadway_b, co_window_paths_c, co_window_broadway_c,
          co_window_corner_cb, co_window_corner_ca, glass_columns_b,
          glass_columns_c, glass_columns_a
Lair:1:   layout_chaotic_city, lemuel_fruit_tree, grunt_megastairs_1, uniq_sonja

Skill      XL: |  1  2  3  4  5  6  7  8  9 10 |
---------------+-------------------------------+-----
Axes           | 4 5 6 7 8 10 12 14 15 | 15.5
Fighting       | 5 7 8 9 |  9.1
Armour         | 3 4 5 6 |  6.0
Throwing       | 1 |  1.3
Dodging        | 3 4 |  4.6

Action                   |  1- 3 |  4- 6 |  7- 9 | 10-12 || total
-------------------------+-------+-------+-------+-------++-------
Melee: Hand axe          |    94 |    51 |    88 |       ||   233
       Headbutt          |     4 |     9 |    53 |    12 ||    78
       Punch             |     1 |       |     3 |     1 ||     5
       War axe           |       |       |   158 |    72 ||   230
       Flail             |       |       |       |     3 ||     3
Throw: Boomerang         |       |       |    47 |       ||    47
Invok: Berserk           |     3 |     5 |     9 |     4 ||    21
  Use: Scroll            |     4 |     4 |     2 |     6 ||    16
       Potion            |     2 |     3 |     6 |     2 ||    13
 Stab: Distracted        |       |       |       |     1 ||     1
Armor: Animal skin       |     7 |       |       |       ||     7
       Leather armour    |    10 |       |       |       ||    10
       Ring mail         |     1 |     2 |       |       ||     3
       Chain mail        |       |     7 |   104 |    42 ||   153
Dodge: Dodged            |    59 |    19 |    83 |    53 ||   214

Table legend:
 A = Non-vault XP
 B = Vault XP
 C = Vault XP percentage of total XP
 D = Non-vault monster count
 E = Vault monster count
 F = Vault count percentage of total count
                 A         B        C        D         E       F
            +---------+---------+-------+---------+---------+-------
      Total |    5280 |    3195 |  37.7 |     131 |      34 |  20.6
            +---------+---------+-------+---------+---------+-------
        D:1 |      24 |       0 |   0.0 |      13 |       0 |   0.0
        D:2 |      75 |       0 |   0.0 |      23 |       0 |   0.0
        D:3 |      80 |     512 |  86.5 |      11 |       2 |  15.4
        D:4 |     237 |       0 |   0.0 |      13 |       0 |   0.0
        D:5 |     247 |       0 |   0.0 |       3 |       0 |   0.0
        D:6 |    1039 |     315 |  23.3 |      26 |      19 |  42.2
        D:7 |    1145 |     172 |  13.1 |      18 |       1 |   5.3
        D:8 |     990 |    2196 |  68.9 |      16 |      12 |  42.9
     Lair:1 |    1443 |       0 |   0.0 |       8 |       0 |   0.0
            +---------+---------+-------+---------+---------+-------
